 Dungeon Crawl Stone Soup version 0.26-a0-639-g72c4674329 (webtiles) character file.

Game seed: 3832534559386521593

2 Lanoc the Sneak (level 1, -1/18 HPs)
             Began as a Demonspawn Delver on Sept 27, 2020.
             Slain by an adder (3 damage)
             ... on level 4 of the Dungeon.
             The game lasted 00:01:09 (274 turns).

Lanoc the Sneak (Demonspawn Delver)                  Turns: 274, Time: 00:01:09

Health: -1/18      AC:  3    Str: 12    XL:     1   Next: 33%
Magic:  1/1        EV: 12    Int: 11    God:
Gold:   10         SH:  0    Dex: 14    Spells: 0/0 levels left

rFire    . . .     SeeInvis .     - Unarmed
rCold    . . .     Faith    .   (no shield)
rNeg     . . .     Spirit   .   a - +0 leather armour
rPois    .         Reflect  .   (no helmet)
rElec    .         Harm     .   (no cloak)
rCorr    .         Rampage  .   (no gloves)
MR       .....                  (no boots)
Stlth    ++........             (no amulet)
HPRegen  0.06/turn              (no ring)
MPRegen  0.07/turn              (no ring)

@: lethally poisoned (-1 -> -3), hasted, very quick
A: no striking features
a: no special abilities


You were on level 4 of the Dungeon.
You visited 1 branch of the dungeon, and saw 2 of its levels.

You collected 10 gold pieces.

Inventory:

Missiles
 c - 7 poisoned darts (quivered)
Armour
 a - a +0 leather armour (worn)
Wands
 f - a wand of digging (3)
 g - a wand of acid (4)
Scrolls
 b - 2 scrolls of fog
 d - a scroll of fear


   Skills:
 + Level 3.1 Fighting
 + Level 1.9 Dodging
 - Level 4.5 Stealth
 - Level 1.7 Unarmed Combat


You couldn't memorise any spells.
You didn't know any spells.
Your spell library was empty.

Dungeon Overview and Level Annotations

Branches:
Dungeon (5/15)
 Temple: D:4-7

Altars:


Message History

You feel sick.
You feel yourself speed up. The adder bites you but does no damage.
Things that are here:
a scroll labeled XET TESTEOSH; a smoky puce potion You miss the adder.
The adder is severely wounded.
The adder bites you.
* * * LOW HITPOINT WARNING * * *
Throwing (i - inventory)
c - 8 poisoned darts (quivered)
Press: ? - help, Shift-Dir - straight line, f/p - adder
Aim: an adder (severely wounded, poisoned)
You throw a poisoned dart. The poisoned dart hits the adder.
The adder looks even sicker.
The adder is severely wounded.
* * * LOW HITPOINT WARNING * * *
You feel sick.
You closely miss the adder.
The adder is severely wounded.
The adder bites you.
You die...

* *,,****,,,,,*,,,,,,,,,,,, *
*,,* **,,,,,,,,****,,,,, *,**
*,,,,,,,** *,,,,, ** *,*
**,,,,,** **,,** ,*** **,*
*,,,,** *,,,* ,,,*****,,*
**,,,,** **,,*
,,,,,,**,,*******,,,,,,*******,,,
,,,,,,,*,*,,,,,####,,,^,,,,,,,,,,
,,,,,,,,_,,,,,,#@)####**,,,,,,,,,
,,,,,,,*,*,,,,*#S#.#.####*,,,***.
,,,,,,,,,,,****#...#..#.####** *.
,,,,,,,,,..#####.#...#...#.######
**,,,,,,,......(...#...#.........
***,,,,*#.....#.#...#...#.####..
**,,**##....#...#..#.####.....
*,,** ##(.,#.#.#.####..>.....
**,,* #..*#(.####*,#########


You could see an adder (very poisoned).

Vanquished Creatures
  A leopard gecko (D:4)
  A jackal skeleton (D:5)
2 creatures vanquished.

Vanquished Creatures (others)
  9 plants (D:4)
9 creatures vanquished.

Grand Total: 11 creatures vanquished

Notes
Turn   | Place    | Note
-------+----------+-------------------------------------------
     0 | D:5      | Lanoc the Demonspawn Delver began the quest for the Orb.
     0 | D:5      | Reached XP level 1. HP: 18/18 MP: 1/1
    51 | D:5      | Noticed a worker ant
   274 | D:4      | Slain by an adder

Illustrated notes

Levels and vault maps discovered:
D:4:      minmay_spotlight, layout_layer_cave, lemuel_crystal_altar,
          enter_ossuary_4, serial_bayou_lake_a, uniq_pikel
D:5:      layout_basic, old_standard_altar, uniq_crazy_yiuf_cottage

Action                   || total
-------------------------++-------
Melee: Unarmed           ||    18
Throw: Dart              ||     6
  Use: Scroll            ||     1
       Potion            ||     1
Armor: Leather armour    ||     4
Dodge: Dodged            ||    12

Table legend: (Time is in decaauts)
 A = Elapsed time spent in this place.
 B = Non-inter-level travel time spent in this place.
 C = Inter-level travel time spent in this place.
 D = Time resting spent in this place.
 E = Time spent auto-exploring this place.
 F = Levels seen in this place.
 G = Mean time per level.
                   A        B        C        D        E       F      G
               +--------+--------+--------+--------+--------+-----+--------+
         Total |    271 |    271 |      0 |      0 |    103 |   2 |  135.5 |
       Dungeon |    271 |    271 |      0 |      0 |    103 |   2 |  135.5 |
               +--------+--------+--------+--------+--------+-----+--------+

Top non-repeatable levels by time:
     D:5: 202 daAuts
     D:4: 68 daAuts
